General information
- name: BNet
- type: Ladder team game (AT/RT)
- host: Battle.net
- saver: dogsandhorse.ru
map: Highperch
- players: 6
- length: 342:58
- speed: Fast
- version: 1.26 W3XP
- replay type:

» download(869 KB)
Players
team 1 (loser)
Imperator]Teddy (
teal | 28 APM | 3700 actions | 130:57)
2 Archmage
1 Summon Water Elemental
1 Brilliance Aura
2 Mountain King
1 Storm Bolt
1 Bash
1 Paladin
1 Holy Light
» actions
| Assign group hotkey | 99 | |
| Basic commands | 75 | |
| Build / train | 115 | |
| Enter build submenu | 64 | |
| Enter hero's abilities submenu | 5 | |
| Give item / drop item | 3 | |
| Right click | 1590 | |
| Select / deselect | 1065 | |
| Select group hotkey | 489 | |
| Use ability | 195 | |
3700 total
» units
| Peasant | 26 | |
| Footman | 8 | |
| Mortar Team | 10 | |
| Siege Engine | 1 | |
| Flying Machine | 10 | |
55 total
» upgrades
| Lumber Harvesting | 2 | |
| Masonry | 3 | |
| Flare | 1 | |
| Barrage | 1 | |
| Fragmentation Shards | 1 | |
| Magic Sentry | 1 | |
| Animal War Training | 1 | |
| Storm Hammers | 1 | |
| Swords | 3 | |
| Armor | 3 | |
| Flak Cannons | 1 | |
| Flying Machine Bombs | 1 | |
19 total
» buildings
| Altar of Kings | 1 | |
| Barracks | 1 | |
| Farm | 9 | |
| Keep | 1 | |
| Scout Tower | 42 | |
| Arcane Tower | 4 | |
| Blacksmith | 1 | |
| Arcane Vault | 2 | |
| Castle | 1 | |
| Lumber Mill | 1 | |
| Town Hall | 2 | |
| Workshop | 3 | |
| Arcane Sanctum | 1 | |
| Guard Tower | 21 | |
| Gryphon Aviary | 1 | |
91 total
» build order
00:06 Altar of Kings
00:20 Barracks
00:36 Farm
00:51 Farm
01:45 Farm
03:08 Keep
03:11 Scout Tower
03:40 Arcane Tower
05:09 Farm
05:37 Blacksmith
05:53 Arcane Vault
06:28 Farm
07:02 Farm
08:19 Castle
08:23 Lumber Mill
08:47 Farm
09:26 Town Hall
10:27 Workshop
10:29 Workshop
11:02 Workshop
11:50 Scout Tower
11:52 Scout Tower
11:53 Scout Tower
11:55 Scout Tower
12:03 Scout Tower
12:04 Scout Tower
12:22 Arcane Sanctum
12:54 Guard Tower
14:04 Town Hall
14:06 Scout Tower
14:07 Scout Tower
14:08 Scout Tower
14:09 Scout Tower
14:11 Scout Tower
14:12 Scout Tower
14:47 Guard Tower
15:00 Scout Tower
15:03 Farm
15:03 Farm
15:25 Guard Tower
16:14 Guard Tower
16:16 Guard Tower
16:16 Guard Tower
16:17 Guard Tower
23:31 Gryphon Aviary
30:32 Scout Tower
31:09 Guard Tower
31:56 Arcane Vault
32:01 Scout Tower
32:05 Scout Tower
33:40 Guard Tower
38:48 Scout Tower
38:50 Scout Tower
39:02 Scout Tower
39:03 Scout Tower
39:05 Scout Tower
39:07 Scout Tower
39:10 Scout Tower
39:12 Scout Tower
39:15 Scout Tower
39:16 Scout Tower
39:19 Guard Tower
39:32 Arcane Tower
39:34 Arcane Tower
39:35 Guard Tower
39:40 Guard Tower
40:26 Guard Tower
41:57 Scout Tower
42:00 Scout Tower
42:02 Scout Tower
42:04 Scout Tower
42:05 Scout Tower
42:10 Scout Tower
42:12 Scout Tower
42:13 Scout Tower
42:14 Scout Tower
42:16 Scout Tower
42:19 Scout Tower
42:25 Guard Tower
42:31 Guard Tower
42:36 Guard Tower
42:45 Guard Tower
42:50 Guard Tower
42:57 Guard Tower
43:12 Scout Tower
43:15 Scout Tower
43:33 Scout Tower
43:35 Scout Tower
» items
| Scroll of Regeneration | 2 | |
| Staff of Sanctuary | 3 | |
| Orb of Fire | 1 | |
6 total
JoLLeK (
green | 52 APM | 6005 actions | 116:10)
3 Death Knight
2 Death Coil
1 Unholy Aura
2 Lich
1 Frost Nova
1 Frost Armor
» actions
| Assign group hotkey | 35 | |
| Basic commands | 14 | |
| Build / train | 76 | |
| Enter build submenu | 25 | |
| Enter hero's abilities submenu | 5 | |
| Give item / drop item | 2 | |
| Remove unit from queue | 2 | |
| Right click | 2217 | |
| Select / deselect | 757 | |
| Select group hotkey | 2755 | |
| Use ability | 117 | |
6005 total
» units
| Acolyte | 16 | |
| Ghoul | 6 | |
| Crypt Fiend | 8 | |
| Frost Wyrm | 9 | |
39 total
» upgrades
| Creature Attack | 3 | |
| Web | 1 | |
| Burrow | 1 | |
| Creature Carapace | 3 | |
| Freezing Breath | 1 | |
9 total
» buildings
| Graveyard | 1 | |
| Crypt | 1 | |
| Altar of Darkness | 1 | |
| Ziggurat | 13 | |
| Tomb of Relics | 1 | |
| Nerubian Tower | 3 | |
| Halls of the Dead | 1 | |
| Sacrificial Pit | 1 | |
| Black Citadel | 3 | |
| Boneyard | 2 | |
| Spirit Tower | 5 | |
| Necropolis | 1 | |
33 total
» build order
00:10 Graveyard
00:21 Crypt
00:43 Altar of Darkness
00:58 Ziggurat
01:13 Tomb of Relics
02:25 Ziggurat
02:57 Nerubian Tower
03:51 Ziggurat
04:30 Halls of the Dead
05:29 Nerubian Tower
05:31 Ziggurat
07:04 Sacrificial Pit
07:39 Ziggurat
08:34 Ziggurat
08:47 Black Citadel
08:48 Black Citadel
11:15 Boneyard
11:17 Boneyard
11:31 Spirit Tower
13:21 Ziggurat
15:42 Spirit Tower
16:44 Necropolis
18:47 Ziggurat
19:20 Ziggurat
19:22 Ziggurat
19:40 Nerubian Tower
20:40 Spirit Tower
20:41 Ziggurat
20:43 Ziggurat
20:44 Ziggurat
22:03 Spirit Tower
22:06 Spirit Tower
» items
| Rod of Necromancy | 2 | |
| Dust of Appearance | 2 | |
| Potion of Healing | 2 | |
| Scroll of Town Portal | 1 | |
7 total
Noob]like (
pink | 7 APM | 2237 actions | 342:57)
3 Priestess of the Moon
1 Searing Arrows
2 Trueshot Aura
1 Keeper of the Grove
1 Entangling Roots
» actions
| Assign group hotkey | 8 | |
| Basic commands | 13 | |
| Build / train | 57 | |
| Enter build submenu | 23 | |
| Enter hero's abilities submenu | 4 | |
| Give item / drop item | 2 | |
| Remove unit from queue | 7 | |
| Right click | 1155 | |
| Select / deselect | 668 | |
| Select group hotkey | 199 | |
| Use ability | 101 | |
2237 total
» units
| Wisp | 19 | |
| Huntress | 7 | |
| Dryad | 2 | |
| Hippogryph | 4 | |
| Druid of the Claw | 3 | |
35 total
» upgrades
| Strength of the Moon | 3 | |
| Moon Armor | 1 | |
| Druid of the Claw Training | 2 | |
| Abolish Magic | 1 | |
7 total
» buildings
| Altar of Elders | 2 | |
| Moon Well | 9 | |
| Hunter's Hall | 1 | |
| Ancient of War | 1 | |
| Tree of Ages | 1 | |
| Ancient of Lore | 2 | |
| Tree of Eternity | 1 | |
| Ancient of Wind | 2 | |
| Ancient Protector | 4 | |
23 total
» build order
00:11 Altar of Elders
00:13 Moon Well
00:18 Altar of Elders
01:25 Hunter's Hall
01:30 Ancient of War
01:53 Moon Well
03:10 Moon Well
04:23 Tree of Ages
05:44 Moon Well
06:47 Ancient of Lore
06:56 Ancient of Lore
10:27 Moon Well
10:31 Moon Well
10:35 Tree of Eternity
12:14 Ancient of Wind
12:25 Ancient of Wind
15:47 Moon Well
15:53 Ancient Protector
15:56 Ancient Protector
16:06 Ancient Protector
17:32 Moon Well
33:21 Moon Well
36:15 Ancient Protector
team 2 (winner)
dogsandhorse.ru (
red | 38 APM | 13029 actions | 342:58)
9 Blademaster
3 Wind Walk
3 Critical Strike
1 Bladestorm
2 Mirror Image
3 Warden
1 Shadow Strike
2 Fan of Knives
» actions
| Assign group hotkey | 30 | |
| Basic commands | 136 | |
| Build / train | 102 | |
| Enter build submenu | 31 | |
| Enter hero's abilities submenu | 13 | |
| Give item / drop item | 10 | |
| Remove unit from queue | 5 | |
| Right click | 9961 | |
| Select / deselect | 1014 | |
| Select group hotkey | 1063 | |
| Use ability | 662 | |
13029 total
» units
| Peon | 10 | |
| Troll Batrider | 12 | |
| Wind Rider | 10 | |
| Kodo Beast | 1 | |
| Raider | 2 | |
| Shaman | 2 | |
| Troll Witch Doctor | 2 | |
| Spirit Walker | 1 | |
40 total
» upgrades
| Liquid Fire | 1 | |
| Ranged Weapons | 3 | |
| Armor | 3 | |
| Envenomed Spears | 1 | |
| Ensnare | 1 | |
| War Drums Damage Increase | 1 | |
| Shaman Training | 2 | |
| Witch Doctor Training | 2 | |
| Spirit Walker Training | 2 | |
16 total
» buildings
| Orc Burrow | 9 | |
| Altar of Storms | 2 | |
| War Mill | 2 | |
| Voodoo Lounge | 3 | |
| Stronghold | 1 | |
| Watch Tower | 4 | |
| Beastiary | 3 | |
| Fortress | 1 | |
| Spirit Lodge | 2 | |
27 total
» build order
00:19 Orc Burrow
00:33 Altar of Storms
00:37 War Mill
01:13 Orc Burrow
01:39 Voodoo Lounge
02:03 Voodoo Lounge
03:11 Stronghold
04:16 Voodoo Lounge
04:20 Watch Tower
04:21 Watch Tower
04:23 Watch Tower
04:24 Watch Tower
04:42 Orc Burrow
06:22 Beastiary
06:25 Beastiary
06:38 Fortress
10:07 Orc Burrow
26:11 Spirit Lodge
26:14 Orc Burrow
26:49 Altar of Storms
26:54 Orc Burrow
27:14 War Mill
27:49 Orc Burrow
27:50 Orc Burrow
28:28 Orc Burrow
30:07 Spirit Lodge
30:22 Beastiary
» items
| Healing Salve | 3 | |
| Lesser Clarity Potion | 6 | |
| Orb of Lightning | 6 | |
| Scroll of Regeneration | 1 | |
| Staff of Teleportation | 1 | |
| Scroll of Town Portal | 2 | |
| Mechanical Critter | 3 | |
22 total
mYLIegeCyrus (
orange | 19 APM | 6547 actions | 342:07)
5 Mountain King
3 Storm Bolt
2 Bash
4 Paladin
2 Holy Light
2 Divine Shield
2 Archmage
1 Brilliance Aura
1 Blizzard
» actions
| Assign group hotkey | 331 | |
| Basic commands | 153 | |
| Build / train | 175 | |
| Enter build submenu | 128 | |
| Enter hero's abilities submenu | 11 | |
| Give item / drop item | 10 | |
| Remove unit from queue | 9 | |
| Right click | 3328 | |
| Select / deselect | 705 | |
| Select group hotkey | 1283 | |
| Use ability | 414 | |
6547 total
» units
| Peasant | 18 | |
| Sorceress | 2 | |
| Priest | 2 | |
| Spell Breaker | 1 | |
| Dragonhawk Rider | 12 | |
35 total
» upgrades
| Masonry | 3 | |
| Lumber Harvesting | 2 | |
| Magic Sentry | 1 | |
| Swords | 3 | |
| Armor | 3 | |
| Sorceress Training | 2 | |
| Priest Training | 2 | |
| Animal War Training | 1 | |
| Cloud | 1 | |
| Control Magic | 1 | |
19 total
» buildings
| Altar of Kings | 2 | |
| Farm | 16 | |
| Lumber Mill | 1 | |
| Scout Tower | 122 | |
| Arcane Tower | 15 | |
| Guard Tower | 64 | |
| Arcane Vault | 3 | |
| Keep | 1 | |
| Town Hall | 1 | |
| Castle | 1 | |
| Arcane Sanctum | 1 | |
| Blacksmith | 1 | |
| Barracks | 1 | |
| Gryphon Aviary | 1 | |
230 total
» build order
00:05 Altar of Kings
00:19 Farm
00:33 Lumber Mill
01:04 Farm
01:30 Scout Tower
01:45 Scout Tower
01:49 Farm
01:54 Scout Tower
01:58 Scout Tower
02:04 Arcane Tower
02:04 Arcane Tower
02:14 Scout Tower
02:14 Arcane Tower
02:18 Scout Tower
02:24 Guard Tower
02:26 Scout Tower
02:29 Scout Tower
02:38 Guard Tower
02:40 Scout Tower
02:43 Arcane Tower
02:45 Scout Tower
03:16 Scout Tower
03:17 Arcane Tower
03:18 Guard Tower
03:18 Guard Tower
03:20 Scout Tower
03:24 Guard Tower
03:25 Scout Tower
03:26 Scout Tower
03:56 Scout Tower
03:57 Guard Tower
04:00 Scout Tower
04:02 Scout Tower
04:03 Guard Tower
04:10 Scout Tower
04:32 Scout Tower
04:35 Guard Tower
04:44 Arcane Vault
04:47 Guard Tower
04:49 Scout Tower
05:02 Arcane Vault
05:11 Keep
05:19 Guard Tower
05:24 Arcane Vault
05:39 Scout Tower
05:40 Guard Tower
06:00 Scout Tower
06:00 Scout Tower
06:05 Scout Tower
06:07 Scout Tower
06:08 Guard Tower
06:47 Scout Tower
06:47 Scout Tower
06:48 Guard Tower
06:52 Guard Tower
06:56 Scout Tower
06:57 Scout Tower
07:10 Town Hall
07:21 Guard Tower
07:24 Scout Tower
07:37 Guard Tower
07:39 Scout Tower
07:42 Scout Tower
07:45 Scout Tower
07:47 Scout Tower
07:49 Castle
07:51 Arcane Sanctum
07:58 Scout Tower
07:59 Scout Tower
08:52 Guard Tower
08:54 Scout Tower
08:55 Scout Tower
09:04 Guard Tower
09:06 Scout Tower
09:10 Scout Tower
09:26 Arcane Tower
09:26 Arcane Tower
10:30 Guard Tower
10:32 Guard Tower
10:41 Scout Tower
10:43 Scout Tower
11:13 Scout Tower
11:17 Arcane Tower
11:19 Scout Tower
11:21 Scout Tower
11:37 Scout Tower
11:38 Guard Tower
11:43 Scout Tower
11:46 Scout Tower
11:49 Scout Tower
11:50 Scout Tower
11:51 Scout Tower
11:52 Scout Tower
12:12 Scout Tower
12:12 Guard Tower
12:16 Scout Tower
12:17 Scout Tower
12:20 Guard Tower
12:41 Scout Tower
12:42 Scout Tower
12:42 Guard Tower
12:45 Scout Tower
12:48 Scout Tower
12:49 Scout Tower
12:51 Blacksmith
12:56 Barracks
13:09 Guard Tower
13:12 Scout Tower
13:14 Guard Tower
13:57 Scout Tower
13:58 Scout Tower
13:58 Guard Tower
14:03 Guard Tower
14:06 Scout Tower
14:06 Scout Tower
14:07 Guard Tower
14:12 Scout Tower
14:13 Scout Tower
14:14 Scout Tower
14:20 Scout Tower
14:47 Arcane Tower
14:52 Guard Tower
14:55 Scout Tower
14:56 Scout Tower
15:02 Farm
15:05 Guard Tower
15:33 Scout Tower
15:33 Scout Tower
15:53 Scout Tower
15:55 Scout Tower
15:56 Scout Tower
15:57 Guard Tower
15:58 Scout Tower
15:59 Scout Tower
16:00 Scout Tower
17:47 Guard Tower
17:48 Guard Tower
18:02 Guard Tower
18:03 Scout Tower
18:03 Scout Tower
18:17 Scout Tower
19:17 Guard Tower
21:56 Scout Tower
24:39 Guard Tower
25:56 Farm
25:58 Farm
25:59 Farm
26:00 Farm
26:01 Farm
26:02 Farm
26:04 Gryphon Aviary
26:11 Guard Tower
28:28 Farm
30:27 Scout Tower
30:29 Scout Tower
30:34 Farm
30:39 Scout Tower
30:40 Scout Tower
30:42 Scout Tower
31:17 Guard Tower
31:27 Scout Tower
31:28 Scout Tower
31:29 Scout Tower
31:30 Scout Tower
31:33 Scout Tower
31:34 Scout Tower
31:35 Guard Tower
31:37 Scout Tower
31:45 Scout Tower
31:53 Guard Tower
32:13 Guard Tower
32:17 Guard Tower
32:25 Guard Tower
32:31 Scout Tower
32:33 Scout Tower
32:37 Scout Tower
32:38 Scout Tower
32:39 Scout Tower
32:40 Scout Tower
32:43 Scout Tower
32:44 Scout Tower
32:45 Scout Tower
32:48 Guard Tower
32:49 Guard Tower
32:50 Guard Tower
32:53 Scout Tower
32:58 Scout Tower
32:59 Scout Tower
33:00 Scout Tower
33:04 Scout Tower
33:05 Scout Tower
33:07 Scout Tower
33:27 Guard Tower
33:44 Guard Tower
33:47 Guard Tower
33:57 Guard Tower
34:07 Guard Tower
34:12 Scout Tower
34:16 Guard Tower
34:40 Guard Tower
34:42 Guard Tower
34:45 Guard Tower
34:48 Arcane Tower
34:53 Scout Tower
35:20 Guard Tower
35:21 Arcane Tower
35:28 Scout Tower
35:30 Scout Tower
35:35 Guard Tower
36:33 Guard Tower
36:38 Guard Tower
38:02 Scout Tower
38:03 Scout Tower
38:12 Scout Tower
38:18 Scout Tower
38:19 Scout Tower
39:30 Guard Tower
39:31 Guard Tower
39:43 Scout Tower
39:48 Arcane Tower
40:31 Arcane Tower
40:32 Guard Tower
61:53 Altar of Kings
69:05 Farm
69:08 Farm
71:40 Farm
71:41 Farm
» items
| Boots of Speed | 3 | |
| Staff of Teleportation | 4 | |
| Scroll of Regeneration | 1 | |
| Staff of Sanctuary | 3 | |
| Orb of Lightning | 3 | |
| Healing Salve | 1 | |
| Potion of Invisibility | 1 | |
| Scroll of Town Portal | 1 | |
| Mechanical Critter | 4 | |
21 total
nutsonyochin.de (
purple | 74 APM | 4121 actions | 55:23)
5 Warden
2 Shadow Strike
3 Blink
» actions
| Assign group hotkey | 39 | |
| Basic commands | 56 | |
| Build / train | 99 | |
| ESC pressed | 1 | |
| Enter build submenu | 20 | |
| Enter hero's abilities submenu | 5 | |
| Give item / drop item | 3 | |
| Right click | 2754 | |
| Select / deselect | 340 | |
| Select group hotkey | 570 | |
| Use ability | 234 | |
4121 total
» units
| Wisp | 28 | |
| Druid of the Talon | 18 | |
| Dryad | 12 | |
| Hippogryph | 5 | |
63 total
» upgrades
| Ultravision | 1 | |
| Druid of the Talon Training | 2 | |
| Well Spring | 1 | |
| Strength of the Wild | 3 | |
| Mark of the Talon | 1 | |
| Reinforced Hides | 3 | |
| Nature's Blessing | 1 | |
| Abolish Magic | 1 | |
| Druid of the Claw Training | 2 | |
15 total
» buildings
| Altar of Elders | 2 | |
| Moon Well | 10 | |
| Tree of Ages | 1 | |
| Tree of Life | 2 | |
| Ancient of Wonders | 1 | |
| Tree of Eternity | 1 | |
| Hunter's Hall | 1 | |
| Ancient of Wind | 2 | |
| Ancient of Lore | 1 | |
21 total
» build order
00:23 Altar of Elders
00:41 Moon Well
02:12 Moon Well
03:58 Moon Well
05:15 Tree of Ages
05:49 Tree of Life
05:51 Tree of Life
08:30 Moon Well
08:31 Moon Well
08:32 Moon Well
08:33 Moon Well
08:59 Ancient of Wonders
10:08 Tree of Eternity
10:13 Hunter's Hall
10:19 Ancient of Wind
14:02 Moon Well
14:03 Moon Well
27:53 Ancient of Lore
28:31 Ancient of Wind
34:48 Moon Well
34:49 Altar of Elders
» items
| Staff of Teleportation | 1 | |
| Boots of Speed | 1 | |
| Healing Salve | 1 | |
| Lesser Clarity Potion | 2 | |
| Orb of Venom | 1 | |
| Potion of Healing | 1 | |
| Tiny Great Hall | 1 | |
| Mechanical Critter | 2 | |
10 total
Chat log
(07:17 / All) mYLIegeCyrus: green
(07:19 / All) mYLIegeCyrus: that could have been better
(07:21 / All) JoLLeK: AHAHAHA
(07:25 / All) mYLIegeCyrus: u noob?
(13:49 / All) mYLIegeCyrus: lol, nab?
(20:59 / All) mYLIegeCyrus: stay away from towers idiots
(21:02 / All) dogsandhorse.ru: hi
(21:04 / All) nutsonyochin.de: are u dumb
(21:06 / All) dogsandhorse.ru: from?
(22:54 / All) dogsandhorse.ru: leave base alone
(22:58 / All) dogsandhorse.ru: and u live
(23:38 / All) mYLIegeCyrus: bad players
(23:42 / All) JoLLeK: stfu
(23:43 / All) dogsandhorse.ru: what country???
(23:46 / All) JoLLeK: lamer naps
(23:49 / All) dogsandhorse.ru: germany???
(23:53 / All) JoLLeK: rus
(23:57 / All) nutsonyochin.de: ))
(24:00 / All) dogsandhorse.ru: ploho
(33:02 / All) Noob]like: no work ?
(33:06 / All) dogsandhorse.ru: just got home
(33:21 / All) mYLIegeCyrus: billed 11,5 hours today. Or 11.5 depending on your locale
(34:02 / All) mYLIegeCyrus: how are your careers going?
(34:20 / All) Imperator]Teddy: im your moms lover
(34:24 / All) Imperator]Teddy: DD
(34:27 / All) Imperator]Teddy: its great
(34:28 / All) dogsandhorse.ru: ))
(37:43 / All) Noob]like: have time
(39:59 / All) nutsonyochin.de: why u so scared?? no attack
(40:06 / All) nutsonyochin.de: fear for what?? a building or 2
(41:43 / All) nutsonyochin.de: whole army for one lady...coward
(41:53 / All) dogsandhorse.ru: absolute gorgeous lady
(42:06 / All) dogsandhorse.ru: nothing but the best here on Highperch Ranch
(42:07 / All) nutsonyochin.de: id kiss that lady if she real but shes fake like ur pride & dignite
(42:20 / All) nutsonyochin.de: teal why u do this
(42:25 / All) nutsonyochin.de: what for a reaso n??
(42:25 / All) mYLIegeCyrus: towerlame
(42:47 / All) nutsonyochin.de: scared bitch man is u
(43:47 / All) nutsonyochin.de: wtf
(43:51 / All) nutsonyochin.de: ur flare kil my tower
(43:56 / All) nutsonyochin.de: hack??? flare hack??
(44:58 / All) mYLIegeCyrus: you realize
(45:00 / All) mYLIegeCyrus: you got lucky?
(45:10 / All) mYLIegeCyrus: if we didn't run out of gold we win easy?
(45:13 / All) mYLIegeCyrus: noob micro?
(45:14 / All) nutsonyochin.de: fucking euro hacks cum
(45:29 / All) nutsonyochin.de: scared of real man win
(45:30 / All) nutsonyochin.de: is euro
(45:35 / All) nutsonyochin.de: is lose to usa
(45:36 / All) JoLLeK: go sleep
(45:46 / All) nutsonyochin.de: is scared and frightene of 2 lose world war
(46:14 / All) nutsonyochin.de: lose all of every world wars and frightened since
(46:38 / All) dogsandhorse.ru: well, well
(46:43 / All) nutsonyochin.de: when usa flex bicep europe urinate in pants
(47:20 / All) nutsonyochin.de: WTF
(49:13 / All) Imperator]Teddy: why
(49:16 / All) Imperator]Teddy: man
(49:19 / All) nutsonyochin.de: fuck u because that why
(49:23 / All) mYLIegeCyrus: well noob hacks so we have no gold
(49:25 / All) dogsandhorse.ru: nothin but guts
(49:25 / All) Imperator]Teddy: yeah
(49:26 / All) mYLIegeCyrus: have to sell towers
(49:45 / All) Noob]like: leave
(49:52 / All) mYLIegeCyrus: no
(49:55 / All) mYLIegeCyrus: you have to kill every last one
(49:56 / All) Imperator]Teddy: i mean nice strat
(50:00 / All) nutsonyochin.de: fuck u asstarded
(50:17 / All) JoLLeK: nice strat but u cant play :D
(50:17 / All) mYLIegeCyrus: fuck u for winning with frostbones
(50:25 / All) dogsandhorse.ru: i'll never stop playing
(50:27 / All) mYLIegeCyrus: whatever noob
(50:34 / All) mYLIegeCyrus: re?
(50:36 / All) dogsandhorse.ru: until my fingers aare bone and the police take my modem
(51:08 / All) Noob]like: haha das fickt die jetz
(51:10 / All) mYLIegeCyrus: arrested for outrageous warcraft 3 chops
(51:15 / All) mYLIegeCyrus: One Jubei McBlade
(51:20 / All) JoLLeK: byE?
(51:20 / All) nutsonyochin.de: goodbye u hacking noobs
(51:24 / All) nutsonyochin.de: hope u get what u deserve
(51:25 / All) nutsonyochin.de: a LSOS
(51:25 / All) mYLIegeCyrus: fkn luckers
(51:29 / All) nutsonyochin.de: what????
(51:30 / All) dogsandhorse.ru: ????
(51:35 / Allies) dogsandhorse.ru: ))
(51:36 / All) mYLIegeCyrus: this is unprecedented
(51:38 / All) nutsonyochin.de: did battle.net say fuck u to hackers???
(51:40 / All) dogsandhorse.ru: ))
(51:40 / All) Noob]like: alles u2212212
(51:42 / All) dogsandhorse.ru: thanks for win
(51:46 / All) mYLIegeCyrus: finally bill roper is coming back?
(51:54 / All) mYLIegeCyrus: vanquish all exploits?
(52:07 / All) nutsonyochin.de: gabe newlen is whispering me he says thanks u for defending honor of online gaming now enjoy as we own some eurohacker trash
(52:08 / All) dogsandhorse.ru: hget me out of this hack hell there's nothing but pain
(52:28 / All) mYLIegeCyrus: everyone is german and they're really bad at war3
(52:32 / All) mYLIegeCyrus: the floors smell like hospital
(52:50 / All) nutsonyochin.de: u ever played on a map called highperch ??
(52:59 / All) mYLIegeCyrus: welcome to highperch
(53:03 / All) nutsonyochin.de: bye
(53:20 / All) Imperator]Teddy: wow respekt
(53:25 / All) Imperator]Teddy: Really
(53:27 / All) dogsandhorse.ru: check it out
(53:37 / All) dogsandhorse.ru: http://highper.ch/win $3 for us to leave
(53:46 / All) mYLIegeCyrus: you can win, be kings of battle.net AT ladder
(53:51 / All) nutsonyochin.de: Hacker Scum Down
(53:58 / All) mYLIegeCyrus: www.highper.ch/win
(54:14 / All) mYLIegeCyrus: it is a real URL check it out the HTTP header is 200
(54:39 / All) nutsonyochin.de: send ur tanks up in zeppelin
(54:45 / All) nutsonyochin.de: wait theres no zeppelin
(54:50 / All) Noob]like: lol
(54:50 / All) nutsonyochin.de: wait how u get up there
(54:52 / All) dogsandhorse.ru: how
(54:53 / All) dogsandhorse.ru: u
(54:54 / All) dogsandhorse.ru: get
(54:56 / All) dogsandhorse.ru: so cute?
(55:11 / All) nutsonyochin.de: u have to take the mtn highway with ure tanks
(55:20 / All) dogsandhorse.ru: lot of switchbacks
(59:33 / All) Imperator]Teddy: i will find you one by one and hunt you down
(59:49 / All) dogsandhorse.ru: in real life???
(59:53 / All) Imperator]Teddy: Y
(59:58 / All) dogsandhorse.ru: cool i'm in toronto
(60:14 / All) Imperator]Teddy: i will log your ip
(60:18 / All) dogsandhorse.ru: ok
(60:21 / All) dogsandhorse.ru: what will you do with it
(60:37 / All) Imperator]Teddy: fucking kill you
(60:40 / All) mYLIegeCyrus: what is phase 2
(60:43 / All) mYLIegeCyrus: ok
(60:44 / All) dogsandhorse.ru: how will you kill me
(60:46 / All) dogsandhorse.ru: i live in toronto
(60:51 / All) dogsandhorse.ru: 78 bellevue avenue
(60:52 / All) Imperator]Teddy: knife
(60:54 / All) dogsandhorse.ru: come to visit
(61:07 / All) mYLIegeCyrus: Toronto is pretty far
(61:10 / Allies) mYLIegeCyrus: I think I'm closer
(61:20 / All) mYLIegeCyrus: I think I'm closer
(61:25 / All) mYLIegeCyrus: Blekholmsterrassen 3, Stockholm
(61:35 / All) mYLIegeCyrus: check google maps? It's by the water and the train station
(62:37 / All) dogsandhorse.ru: have you found my IP yet
(62:40 / All) dogsandhorse.ru: do you want me to give it to you
(63:06 / All) Imperator]Teddy: man
(63:09 / All) Imperator]Teddy: u suck
(63:13 / All) Imperator]Teddy: We will win
(63:17 / All) dogsandhorse.ru: that's a bit of a de-escalation
(63:20 / All) mYLIegeCyrus: yes
(63:26 / All) dogsandhorse.ru: will you win irl tho?
(63:33 / All) mYLIegeCyrus: by visiting www.highper.ch/win
(63:36 / All) mYLIegeCyrus: this win can be yours
(63:39 / All) dogsandhorse.ru: (the only way)
(63:53 / All) Imperator]Teddy: hahahaahahahahahaahhaha
(64:23 / All) mYLIegeCyrus: Offer still valid if we are murdered by some noob german
(64:30 / All) mYLIegeCyrus: all proceeds will go directly to our estate
(64:47 / All) Imperator]Teddy: noob
(64:50 / All) Imperator]Teddy: noob
(64:53 / All) Imperator]Teddy: noob
(64:53 / All) mYLIegeCyrus: want re???
(64:55 / All) Imperator]Teddy: noob
(64:56 / All) mYLIegeCyrus: own u
(64:58 / All) Imperator]Teddy: noob
(65:00 / All) Imperator]Teddy: noob
(65:03 / All) Imperator]Teddy: noob
(65:05 / All) Imperator]Teddy: noob
(65:07 / All) Imperator]Teddy: noob
(65:09 / All) Imperator]Teddy: noob
(65:12 / All) Imperator]Teddy: noob
(65:14 / All) Imperator]Teddy: noob
(65:28 / All) Imperator]Teddy: nnooobbb
(65:39 / All) mYLIegeCyrus: u call me noob yet u cant kill 1 tower??
(65:46 / All) Imperator]Teddy: noob
(65:48 / All) Imperator]Teddy: noob
(65:49 / All) Imperator]Teddy: noob
(67:36 / All) dogsandhorse.ru: what is my ip.com
(67:53 / All) Imperator]Teddy: bm
(68:05 / All) mYLIegeCyrus: our manners are always excellent
(68:12 / All) mYLIegeCyrus: we have made 0 death threats this game
(68:16 / All) mYLIegeCyrus: way below average
(72:06 / All) mYLIegeCyrus: tell me
(72:28 / All) mYLIegeCyrus: in this day and age, with the economy and the inflation
(72:32 / All) mYLIegeCyrus: how much is a tp in gold?
(72:43 / All) dogsandhorse.ru: 4500 gold (2013 dollars)
(76:56 / All) Noob]like: wie dann
(77:23 / All) mYLIegeCyrus: guys
(78:01 / All) mYLIegeCyrus: is there a particular reason you've only mad ROC units
(78:09 / All) mYLIegeCyrus: what are your opinions on the expansion pack The Frozen Throne
(81:18 / All) dogsandhorse.ru: will this work
(81:22 / All) Imperator]Teddy: mb
(83:32 / All) dogsandhorse.ru: lol
(83:45 / All) mYLIegeCyrus: what would you say were the pros/cons of that third workshop
(83:55 / All) mYLIegeCyrus: walk me through the decision
(84:13 / All) mYLIegeCyrus: you had two, but decided you needed a third.
(84:30 / All) Imperator]Teddy: like u
(87:40 / All) Noob]like: tick tack tick tack
(88:14 / All) mYLIegeCyrus: it sure would be a lot easier to take advantage of this one great deal going on www.highper.ch/win
(88:42 / All) Imperator]Teddy: i like your mom
(88:53 / All) mYLIegeCyrus: as do I
(89:25 / All) mYLIegeCyrus: hey where do you live?
(89:42 / All) Imperator]Teddy: olymp
(89:57 / All) Imperator]Teddy: i look down 2 u
(89:57 / All) mYLIegeCyrus: NEVER heard of it
(89:59 / All) mYLIegeCyrus: can't be great
(90:40 / All) Imperator]Teddy: your bm cant kill our buildings
(90:47 / All) dogsandhorse.ru: well
(90:50 / All) dogsandhorse.ru: you can't kill me irl
(91:30 / All) mYLIegeCyrus: we're all inadequate in one way or another
(91:52 / All) mYLIegeCyrus: you couldn't even beat a noob tower strat, for instance
(92:27 / All) dogsandhorse.ru: pink
(92:31 / All) dogsandhorse.ru: careless wisper
(92:36 / All) mYLIegeCyrus: POP
(92:37 / All) mYLIegeCyrus: game over
(92:39 / All) mYLIegeCyrus: no more wisp
(92:43 / All) mYLIegeCyrus: No building
(92:44 / All) mYLIegeCyrus: leave GG
(92:45 / All) Imperator]Teddy: and
(92:50 / All) mYLIegeCyrus: and we win
(92:50 / All) mYLIegeCyrus: GG
(92:55 / Allies) mYLIegeCyrus: good game bouys
(92:57 / All) Imperator]Teddy: not that easy
(93:00 / All) mYLIegeCyrus: good game bouys
(93:09 / All) mYLIegeCyrus: nah this was easy PEASY
(93:23 / All) Imperator]Teddy: we wstill live
(93:34 / All) mYLIegeCyrus: one of the easiest reeps uploaded to our website highper.ch
(93:47 / All) dogsandhorse.ru: webmaster might take it down for being too easy
(94:03 / All) Imperator]Teddy: hack is alwyas easy
(94:06 / All) dogsandhorse.ru: http://highper.ch/win $1 us dollar each for a win vs webmaster
(94:08 / All) dogsandhorse.ru: who is hacking
(94:09 / All) mYLIegeCyrus: error 565 internal easy overload
(94:24 / All) Imperator]Teddy: your mother
(94:40 / All) mYLIegeCyrus: My mother would never lose a game like this
(95:02 / Allies) dogsandhorse.ru: fone call
(95:36 / All) mYLIegeCyrus: strike one dryad
(97:11 / All) mYLIegeCyrus: Hello
(97:13 / All) mYLIegeCyrus: mr germans
(97:29 / All) mYLIegeCyrus: do you know that towers are structures rooted to the ground
(97:37 / All) mYLIegeCyrus: if you stay away you don't die...
(98:07 / All) mYLIegeCyrus: it's things like this that make this one of the easiest games of all dog time
(102:02 / All) Noob]like: acc real ?
(102:08 / All) dogsandhorse.ru: BEAR_AND on useast
(102:39 / All) Noob]like: then leav
(102:41 / All) dogsandhorse.ru: no
(102:46 / All) dogsandhorse.ru: http://highper.ch/win
(102:49 / All) dogsandhorse.ru: pay $3, we leave
(105:39 / All) Noob]like: 2 stunden schon
(106:36 / All) Imperator]Teddy: kill us
(106:39 / All) dogsandhorse.ru: ok
(106:40 / All) Imperator]Teddy: boring
(106:40 / All) dogsandhorse.ru: here i come
(107:06 / All) Imperator]Teddy: ?
(107:08 / All) Imperator]Teddy: ß
(107:09 / All) Imperator]Teddy: ?
(107:18 / All) Imperator]Teddy: alpha beta gamma
(107:31 / All) Imperator]Teddy: how old are u
(107:34 / All) dogsandhorse.ru: 26
(107:48 / All) Imperator]Teddy: studing
(107:52 / All) dogsandhorse.ru: what
(107:55 / All) dogsandhorse.ru: english please
(108:03 / All) Imperator]Teddy: Study
(108:06 / All) dogsandhorse.ru: study what
(108:12 / All) Imperator]Teddy: u
(108:20 / All) dogsandhorse.ru: no, i graduated 4 years ago
(108:24 / All) Imperator]Teddy: alcoholic
(108:32 / All) dogsandhorse.ru: no, i drink once or twice a week
(108:33 / All) Imperator]Teddy: ?
(108:38 / All) Imperator]Teddy: hard
(108:42 / All) dogsandhorse.ru: what
(108:48 / All) Imperator]Teddy: drinking
(108:55 / All) dogsandhorse.ru: sometimes
(109:10 / All) Imperator]Teddy: so your life is not perfect
(109:17 / All) dogsandhorse.ru: my life is perfect actually
(109:29 / All) Imperator]Teddy: why then drinking hard
(109:33 / All) Imperator]Teddy: trape
(109:35 / All) Imperator]Teddy: hehehehe
(109:38 / All) dogsandhorse.ru: you've never gotten drunk for fun???
(109:47 / All) Imperator]Teddy: not hard
(109:57 / All) dogsandhorse.ru: you must be afraid, probably some alcoholism in your family
(110:03 / All) dogsandhorse.ru: you don't want to become your destructive father
(110:04 / All) Imperator]Teddy: nonono
(110:14 / All) Imperator]Teddy: perhaps not
(110:34 / All) dogsandhorse.ru: is your dad bad at video games too
(110:53 / All) Imperator]Teddy: no he suck cocks
(110:56 / All) Imperator]Teddy: in hell
(111:22 / All) Imperator]Teddy: with your army u can kill us
(111:31 / All) Imperator]Teddy: so come on and finish us
(112:02 / All) Imperator]Teddy: u have noone 2 talk
(112:06 / All) Imperator]Teddy: am i right
(112:39 / All) Imperator]Teddy: ahhhh
(112:41 / All) Imperator]Teddy: ahhhh
(112:43 / All) Imperator]Teddy: ahhhh
(112:44 / All) Imperator]Teddy: ahhh
(112:47 / All) Imperator]Teddy: ahhh
(112:49 / All) Imperator]Teddy: ahhh
(112:50 / All) Imperator]Teddy: ahhh
(112:52 / All) Imperator]Teddy: ahhh
(112:53 / All) Imperator]Teddy: ahh
(113:04 / All) dogsandhorse.ru: hehe
(113:06 / All) Imperator]Teddy: Damm
(113:08 / All) Imperator]Teddy: Damm
(113:11 / All) Imperator]Teddy: Damm
(113:13 / All) Imperator]Teddy: damm
(113:19 / All) Imperator]Teddy: i can rebuild
(113:25 / All) dogsandhorse.ru: ok
(113:30 / All) Imperator]Teddy: heehehehe
(114:12 / All) Noob]like: jollek noch da ?
(114:16 / All) Noob]like: AH
(114:35 / All) Noob]like: ich bleib drin
(114:39 / All) Imperator]Teddy: finish us
(114:39 / All) Noob]like: extra
(115:04 / All) Imperator]Teddy: yeah
(115:06 / All) Imperator]Teddy: fdaster
(115:07 / All) Noob]like: biss de lrtze tower down geht
(115:09 / All) Imperator]Teddy: Harder
(115:20 / All) Imperator]Teddy: finish
(115:22 / All) Imperator]Teddy: yeah
(115:30 / All) dogsandhorse.ru: what's your hurry
(115:39 / All) Imperator]Teddy: i want it fast
(115:42 / All) Imperator]Teddy: and deep
(115:44 / All) dogsandhorse.ru: ok
(116:09 / All) JoLLeK: GO DIE
(116:22 / All) Imperator]Teddy: so
(116:31 / All) Imperator]Teddy: scary
(117:27 / All) Imperator]Teddy: kill us
(117:34 / All) dogsandhorse.ru: ok
(117:35 / All) Imperator]Teddy: i will survife
(117:36 / All) dogsandhorse.ru: irl?
(117:41 / All) Imperator]Teddy: Sure
(117:45 / All) dogsandhorse.ru: where are you
(117:54 / All) Imperator]Teddy: tower
(117:56 / All) Imperator]Teddy: D
(118:00 / All) dogsandhorse.ru: irl where are you
(118:32 / All) Noob]like: ja
(118:40 / All) Noob]like: kp
(118:44 / All) Imperator]Teddy: irl
(118:46 / All) Imperator]Teddy: ?
(119:08 / All) Imperator]Teddy: Hello
(119:53 / All) Imperator]Teddy: im in the middle
(119:56 / All) Imperator]Teddy: mid
(119:59 / All) Imperator]Teddy: what ever
(120:30 / All) Imperator]Teddy: boring
(120:32 / All) Imperator]Teddy: boring
(120:45 / All) Imperator]Teddy: ihr huhrne
(120:50 / All) Imperator]Teddy: huhrensöhne
(121:43 / All) Imperator]Teddy: hitler is here
(125:27 / All) Noob]like: ich lass pc an
(126:07 / All) Noob]like: lol
(127:05 / All) Noob]like: ja
(127:16 / All) Imperator]Teddy: still here
(127:21 / All) dogsandhorse.ru: hi
(127:27 / All) dogsandhorse.ru: i'm cooking chili
(127:28 / All) Imperator]Teddy: hiv positiv
(127:40 / All) Imperator]Teddy: hitler is here
(128:40 / All) Imperator]Teddy: DD
(128:56 / All) Imperator]Teddy: wir
(129:27 / All) Imperator]Teddy: we have the hakenkreuz
(129:34 / All) Noob]like: haha
(129:42 / All) Imperator]Teddy: hakenkreuz
(129:46 / All) Imperator]Teddy: !!!!!!
(129:48 / All) Imperator]Teddy: !!!!!!
(129:49 / All) Imperator]Teddy: !!!!!
(129:51 / All) Imperator]Teddy: !!!!!
(129:52 / All) Imperator]Teddy: !!!!!
(129:54 / All) Imperator]Teddy: !!!!!
(129:55 / All) Imperator]Teddy: !!!!!
(129:57 / All) Imperator]Teddy: !!!!!!
(129:58 / All) Imperator]Teddy: !!!
(130:03 / All) Imperator]Teddy: sieg heil
(130:15 / All) Imperator]Teddy: sieg heil
(130:31 / All) Imperator]Teddy: SIEG HEIL
(130:39 / All) Imperator]Teddy: ach mir reichts
(130:44 / All) Imperator]Teddy: Caho
(130:54 / All) Imperator]Teddy: Viel spaß noch
(131:33 / All) Noob]like: i´m not leave in this life
(136:11 / All) Noob]like: ?
(137:22 / All) Noob]like: --
(137:23 / All) Noob]like: --
(137:23 / All) Noob]like: --
(137:24 / All) Noob]like: -
(137:24 / All) Noob]like: -
(137:25 / All) Noob]like: -
(137:26 / All) Noob]like: -
(137:26 / All) Noob]like: -
(137:27 / All) Noob]like: -
(137:27 / All) Noob]like: -
(137:28 / All) Noob]like: -
(137:28 / All) Noob]like: -
(137:29 / All) Noob]like: -
(137:30 / All) Noob]like: -
(137:30 / All) Noob]like: :
(137:31 / All) Noob]like: :
(137:31 / All) Noob]like: :
(137:32 / All) Noob]like: :
(137:32 / All) Noob]like: :
(137:34 / All) Noob]like: ;
(137:35 / All) Noob]like: ;
(137:35 / All) Noob]like: ;
(137:38 / All) Noob]like: :
(137:40 / All) Noob]like: .
(137:41 / All) Noob]like: .
(137:42 / All) Noob]like: .
(137:42 / All) Noob]like: .
(137:43 / All) Noob]like: .
(137:43 / All) Noob]like: .
(137:44 / All) Noob]like: .
(137:44 / All) Noob]like: .
(137:45 / All) Noob]like: .
(137:46 / All) Noob]like: .
(137:47 / All) Noob]like: .
(137:47 / All) Noob]like: .
(137:49 / All) Noob]like: ...
(137:49 / All) Noob]like: ..
(137:50 / All) Noob]like: .
(137:51 / All) Noob]like: .
(137:52 / All) Noob]like: .
(137:55 / All) Noob]like: .
(137:55 / All) Noob]like: .
(137:56 / All) Noob]like: .
(137:56 / All) Noob]like: .
(137:57 / All) Noob]like: .
(137:58 / All) Noob]like: .
(137:59 / All) dogsandhorse.ru: would you like me to leave?
(137:59 / All) Noob]like: .
(138:00 / All) Noob]like: .
(138:00 / All) Noob]like: .
(138:01 / All) Noob]like: .
(138:02 / All) Noob]like: .
(138:09 / All) Noob]like: y
(138:16 / All) dogsandhorse.ru: okj
(138:17 / All) dogsandhorse.ru: ok
(138:20 / All) dogsandhorse.ru: http://highper.ch/win
(138:22 / All) dogsandhorse.ru: $3
(138:26 / All) dogsandhorse.ru: paypal/visa/mastercard
(138:47 / All) Noob]like: lol
(145:15 / All) Noob]like: hmm me go sleep
(145:22 / All) Noob]like: gn8
(146:14 / All) Noob]like: highper.ch nice
(164:04 / All) dogsandhorse.ru: lol
(164:06 / All) dogsandhorse.ru: you're shit
(164:48 / All) Noob]like: np
(165:13 / All) Noob]like: have lode gold hack
(165:33 / All) dogsandhorse.ru: hehe
(165:59 / All) Noob]like: u have no main ?
(166:09 / All) dogsandhorse.ru: my main race is hu
(166:34 / All) Noob]like: no tinker
(167:47 / All) Noob]like: i will loock replay
(167:50 / All) dogsandhorse.ru: ok
(167:52 / All) dogsandhorse.ru: you're a retard
(167:56 / All) dogsandhorse.ru: the answer is on highper.ch
(168:01 / All) dogsandhorse.ru: plus many more
(168:18 / All) Noob]like: ?
(168:32 / All) Noob]like: its hack or not ?
(169:17 / All) Noob]like: youtube have this tack
(176:00 / All) Noob]like: leave pls
(176:13 / All) Noob]like: thats not ur real acc
(176:17 / All) dogsandhorse.ru: BEAR_AND on useast is
(176:47 / All) Noob]like: me tox-master
(176:53 / All) dogsandhorse.ru: you're shit tox-master
(180:01 / All) Noob]like: me x-lord
(180:10 / All) dogsandhorse.ru: you're garbage x-lord
(180:34 / All) Noob]like: garbage ?
(180:40 / All) dogsandhorse.ru: awful player
(181:54 / All) Noob]like: waht can see me
(182:35 / All) Noob]like: ah tower k
(182:48 / All) dogsandhorse.ru: you're so fucking bad
(182:50 / All) dogsandhorse.ru: are you a roc player
(184:43 / All) Noob]like: kill me fast will see replay
(184:47 / All) dogsandhorse.ru: no
(184:50 / All) dogsandhorse.ru: you have to buy a win
(184:55 / All) dogsandhorse.ru: http://highper.ch/
(184:59 / All) dogsandhorse.ru: win
(185:23 / All) Noob]like: ?
(187:25 / All) Noob]like: U need tinker hero
(187:28 / All) Noob]like: ?
(187:33 / All) dogsandhorse.ru: not required
(187:34 / All) Noob]like: wohe
(188:33 / All) Noob]like: u can not teal to air
(188:50 / All) dogsandhorse.ru: lol
(189:03 / All) Noob]like: or ´?
(189:08 / All) dogsandhorse.ru: you're sooooo bad
(191:26 / All) Noob]like: whey not all units ?
(195:52 / All) Noob]like: come kill my or leave
(196:01 / All) dogsandhorse.ru: lol
(196:09 / All) dogsandhorse.ru: http://highper.ch/win $3 for me to leave
(197:04 / All) Noob]like: k
(199:11 / All) Noob]like: animals
(199:57 / All) Noob]like: kill me
(200:05 / All) Noob]like: im not leave
(200:05 / All) dogsandhorse.ru: lol
(202:17 / All) Noob]like: lol
(202:20 / All) Noob]like: lol
(202:22 / All) Noob]like: lol
(202:24 / All) Noob]like: lol
(202:26 / All) Noob]like: lol
(202:28 / All) Noob]like: lol
(202:30 / All) Noob]like: lol
(202:46 / All) Noob]like: funny film
(202:55 / All) Noob]like: movie
(203:09 / All) Noob]like: for kids
(204:14 / All) Noob]like: kill ma to air
(204:29 / All) Noob]like: whey not ?
(210:43 / All) Noob]like: k
(210:52 / All) Noob]like: kill me self
(212:15 / All) Noob]like: p
(212:15 / All) Noob]like: p
(212:16 / All) Noob]like: p
(212:17 / All) Noob]like: p
(212:18 / All) Noob]like: p
(212:18 / All) Noob]like: p
(212:19 / All) Noob]like: p
(212:19 / All) Noob]like: p
(212:20 / All) Noob]like: p
(212:47 / All) Noob]like: highper noob
(213:41 / All) dogsandhorse.ru: lol
(213:43 / All) dogsandhorse.ru: you lost
(214:10 / All) Noob]like: rolling papers
(214:28 / All) Noob]like: nice or =?
(214:43 / All) dogsandhorse.ru: what
(215:25 / All) Noob]like: weed
(215:57 / All) Noob]like: kill me pls
(216:15 / All) Noob]like: im so high
(222:56 / All) Noob]like: kill my u noob
(223:01 / All) dogsandhorse.ru: no
(223:21 / All) Noob]like: whey ?
(223:28 / All) dogsandhorse.ru: you have to leave
(223:37 / All) Noob]like: NO
(223:41 / All) dogsandhorse.ru: hehehe
(227:06 / All) Noob]like: u have units
(227:09 / All) Noob]like: =
(227:15 / All) Noob]like: KILL ME
(230:24 / All) dogsandhorse.ru: hehe
(230:57 / All) Noob]like: kill shop
(231:21 / All) dogsandhorse.ru: owned
(231:22 / All) dogsandhorse.ru: shitlord
(231:53 / All) Noob]like: ?
(232:06 / All) Noob]like: KILL
(232:48 / All) Noob]like: have mass time u too ?
(233:01 / All) dogsandhorse.ru: i'm cooking
(234:22 / All) Noob]like: no kill ?
(235:13 / All) Noob]like: k good night it time
(235:19 / All) dogsandhorse.ru: bow to me
(235:21 / All) dogsandhorse.ru: kiss my feet
(237:08 / All) dogsandhorse.ru: does it feel bad that you spent all night losing
(237:41 / All) dogsandhorse.ru: lol
(238:51 / All) Noob]like: lol
(239:01 / All) Noob]like: ?
(239:43 / All) Noob]like: from
(239:46 / All) dogsandhorse.ru: canada
(239:48 / All) dogsandhorse.ru: toronto
(239:57 / All) Noob]like: nice weed
(240:04 / All) dogsandhorse.ru: who cares
(240:29 / All) Noob]like: cares ?
(242:08 / All) Noob]like: BC Bud
(242:49 / All) Noob]like: very nice weed
(243:22 / All) dogsandhorse.ru: ok
(243:22 / All) Noob]like: im german snop dog
(243:37 / All) dogsandhorse.ru: you're a german child that is very bad at video games
(243:56 / All) Noob]like: u 2
(245:48 / All) Noob]like: 4 hours later
(245:55 / All) Noob]like: kill me
(246:16 / All) Noob]like: whey not kill me ?
(246:25 / All) dogsandhorse.ru: you are my slave
(246:29 / All) Noob]like: im not leave
(246:31 / All) Noob]like: k
(248:39 / All) Noob]like: gogogo kill me
(249:36 / All) Noob]like: have googel
(249:44 / All) dogsandhorse.ru: what
(250:05 / All) Noob]like: google
(250:13 / All) dogsandhorse.ru: i am able to visit google.com yes
(250:31 / All) Noob]like: y
(255:27 / All) Noob]like: goodnight we have 5 morning me go sleep have fun ///KILL ME
(255:34 / All) dogsandhorse.ru: owned
(256:56 / All) Noob]like: canada 22:30 ?
(256:59 / All) dogsandhorse.ru: yes
(257:10 / All) Noob]like: nice
(342:50 / All) dogsandhorse.ru: http://highper.ch/
(342:54 / All) dogsandhorse.ru: thanks for win